 Dungeon Crawl Stone Soup version 0.28-a0-245-g639a1a48b9 (webtiles) character file.

Game seed: 14725316422011305542

222 dolemite99 the Chopper (level 5, -4/38 HPs)
             Began as a Demonspawn Gladiator on Aug 25, 2021.
             Was an Initiate of Okawaru.
             Slain by Grinder (5 damage)
             ... while paralysed by Grinder
             ... on level 3 of the Dungeon.
             The game lasted 00:02:59 (4400 turns).

dolemite99 the Chopper (Demonspawn Gladiator)       Turns: 4400, Time: 00:03:00

Health: -4/38      AC:  6    Str: 15    XL:     5   Next: 66%
Magic:  5/5        EV:  2    Int:  9    God:    Okawaru [......]
Gold:   125        SH:  0    Dex: 15    Spells: 4/4 levels left

rFire   . . .      SeeInvis .   a - +1 war axe
rCold   . . .      Faith    .   (no shield)
rNeg    . . .      Spirit   .   r - +0 scale mail
rPois   .          Reflect  .   (helmet unavailable)
rElec   .          Harm     .   (no cloak)
rCorr   .          Rampage  .   (no gloves)
Will    .....                   (no boots)
Stlth   ..........              (no amulet)
HPRegen 0.12/turn               (no ring)
MPRegen 0.09/turn               (no ring)

@: paralysed, about to teleport
A: horns 3, spiny 1
a: Renounce Religion


You were on level 3 of the Dungeon.
You worshipped Okawaru.
Okawaru was noncommittal.
You visited 1 branch of the dungeon, and saw 3 of its levels.

You collected 125 gold pieces.

Inventory:

Hand Weapons
 a - a +1 war axe (weapon)
 b - a +0 dagger of venom
 f - a +2 dagger of speed
 p - a +2 short sword of flaming
Missiles
 d - 3 throwing nets (quivered)
 e - 105 stones
 l - 11 sling bullets
 v - 8 poisoned darts
Armour
 c - a +0 helmet
 h - a +0 leather armour
 m - a +0 ring mail
 r - a +0 scale mail (worn)
Scrolls
 g - a scroll of identify {unknown}
 i - a scroll of enchant weapon
 o - 2 scrolls of teleportation
 s - a scroll of vulnerability {unknown}
Potions
 j - 2 potions of brilliance {unknown}
 k - a potion of heal wounds {unknown}
 n - a potion of mutation {unknown}
 q - a potion of curing {unknown}
 t - a potion of degeneration {unknown}
 u - a potion of haste {unknown}
 w - a potion of berserk rage {unknown}


   Skills:
 - Level 2.0 Fighting
 + Level 5.9 Axes
 - Level 1.7 Throwing
 - Level 2.6 Dodging


You had 4 spell levels left.
You didn't know any spells.
Your spell library was empty.

Dungeon Overview and Level Annotations

Branches:
Dungeon (3/15)

Altars:
Elyvilon
Okawaru
Trog

Annotations:
D:3 Grinder


Innate Abilities, Weirdness & Mutations

You have a pair of large horns on your head.
You are partially covered in sharp spines.


Message History

No target in view!
You open the door.
There is an open door here.
You see here a +0 dagger.
A kobold comes into view. It is wielding a +0 whip.
The kobold shouts!
A kobold is nearby!
The kobold is struck by your spines.
You kill the kobold!
Okawaru accepts your kill.
Things that are here:
a +0 whip; a kobold corpse No target in view!
No target in view!
No target in view!
There is an escape hatch in the floor here.
Found a scroll labelled ZOFAGR DEEMN.
Found a stone staircase leading down.
o - 3 scrolls labelled ZOFAGR DEEMN (gained 1) Grinder comes into view.
Grinder shouts!
Grinder blinks!
Grinder is nearby!
Your +0 dagger of venom stops dripping with poison.
a - a +0 war axe (weapon)
Grinder hits you!
You writhe in agony.
Okay, then.
As you read the scroll labelled HIWESO VUFEL, it crumbles to dust.
It is a scroll of enchant weapon.
Your +0 war axe glows red for a moment.
Grinder is struck by your spines. Grinder hits you but does no damage.
As you read the scroll labelled ZOFAGR DEEMN, it crumbles to dust.
You feel strangely unstable.
It was a scroll of teleportation.
Grinder gestures at you.
You suddenly lose the ability to move!
Grinder hits you!
You writhe in agony.
* * * LOW HITPOINT WARNING * * *
Grinder is struck by your spines. Grinder hits you!
* * * LOW HITPOINT WARNING * * *
You writhe in agony.
You die...

#.#....#.........#.....
.......#.......#.#.#.##
#.....................
..##..##..............
...#......####.#.#.##
####..##.#.........# #
#.....#####.#.#.# #
##..>.......#.# #
############@#
#......5# #########


You could see Grinder.

Vanquished Creatures
  A sky beast (D:3)
  Terence (D:2)
  A gnoll (D:3)
  An adder (D:3)
  3 worms
  A dart slug (D:1)
  8 orcs
  5 ball pythons
  6 bats
  3 endoplasms
  A giant cockroach (D:1)
  9 goblins
  6 hobgoblins
  3 quokkas
  3 frilled lizards
  7 kobolds
  5 rats
64 creatures vanquished.

Notes
Turn   | Place    | Note
-------+----------+-------------------------------------------
     0 | D:1      | dolemite99 the Demonspawn Gladiator began the quest for the
                  | Orb.
     0 | D:1      | Reached XP level 1. HP: 16/16 MP: 1/1
   151 | D:1      | Reached skill level 3 in Axes
   290 | D:1      | Gained mutation: You have a pair of small horns on your
                  | head. [demonic ancestry]
   290 | D:1      | Reached XP level 2. HP: 20/22 MP: 2/2
   358 | D:1      | Found a faded altar of an unknown god.
   953 | D:1      | Gained mutation: You have a pair of horns on your head.
                  | [demonic ancestry]
   953 | D:1      | Reached XP level 3. HP: 27/27 MP: 3/3
  1272 | D:2      | Reached skill level 4 in Axes
  1624 | D:2      | Noticed Terence
  1634 | D:2      | Killed Terence
  1635 | D:2      | Gained mutation: You are partially covered in sharp spines.
                  | [demonic ancestry]
  1635 | D:2      | Reached XP level 4. HP: 19/33 MP: 4/4
  3080 | D:3      | Reached skill level 5 in Axes
  3135 | D:3      | Found a bloodstained altar of Trog.
  3136 | D:3      | Found an iron altar of Okawaru.
  3218 | D:3      | Became a worshipper of Warmaster Okawaru
  3343 | D:3      | Noticed a sky beast
  3918 | D:3      | Killed a sky beast
  3919 | D:3      | Gained mutation: You have a pair of large horns on your
                  | head. [demonic ancestry]
  3919 | D:3      | Reached XP level 5. HP: 2/38 MP: 5/5
  4395 | D:3      | Noticed Grinder
  4398 | D:3      | Paralysed by Grinder for 7 turns
  4400 | D:3      | HP: 1/38 [Grinder (9)]
  4400 | D:3      | Slain by Grinder

Illustrated notes

Levels and vault maps discovered:
D:1:      dpeg_arrival_three_bigger_balls, layout_loops_corners,
          hellmonk_ecumenical_altar_crossroads
D:2:      layout_loops_cross, basic_altar, uniq_terence
D:3:      layout_basic, grunt_temple_overflow_bloody_war, uniq_grinder

Skill      XL: |  1  2  3  4 |
---------------+-------------+-----
Axes           | 3 4 5 |  5.9
Fighting       | |  2.0
Throwing       | |  1.7
Dodging        | |  2.6

Action                   |  1- 3 |  4- 6 || total
-------------------------+-------+-------++-------
Melee: War axe           |    34 |     7 ||    41
       Dagger            |    66 |    44 ||   110
       Headbutt          |    18 |    12 ||    30
  Use: Scroll            |       |     2 ||     2
 Stab: Sleeping          |     1 |       ||     1
Armor: Leather armour    |    15 |       ||    15
       Ring mail         |     4 |       ||     4
       Scale mail        |       |    21 ||    21
Dodge: Dodged            |    63 |    20 ||    83

Table legend: (Time is in decaauts)
 A = Elapsed time spent in this place.
 B = Non-inter-level travel time spent in this place.
 C = Inter-level travel time spent in this place.
 D = Time resting spent in this place.
 E = Time spent auto-exploring this place.
 F = Levels seen in this place.
 G = Mean time per level.
                   A        B        C        D        E       F      G
               +--------+--------+--------+--------+--------+-----+--------+
         Total |   4412 |   4397 |     15 |   1854 |   1901 |   3 | 1470.7 |
       Dungeon |   4412 |   4397 |     15 |   1854 |   1901 |   3 | 1470.7 |
               +--------+--------+--------+--------+--------+-----+--------+

Top non-repeatable levels by time:
     D:2: 2173 daAuts
     D:3: 1205 daAuts
     D:1: 1033 daAuts
